 Dungeon Crawl Stone Soup version 0.28.0-49-g6dfe1f597d (webtiles) character file.

Game seed: 899614694352762795

62 Zeld the Stinger (level 4, -3/38 HPs)
             Began as a Naga Venom Mage on May 15, 2022.
             Slain by a phantom (9 damage)
             ... on level 3 of the Dungeon.
             The game lasted 00:05:29 (4520 turns).

Zeld the Stinger (Naga Venom Mage)                  Turns: 4520, Time: 00:05:30

Health: -3/38      AC:  2    Str: 12    XL:     4   Next: 8%
Magic:  7/7        EV: 10    Int: 15    God:
Gold:   4          SH:  0    Dex: 12    Spells: 1/7 levels left

rFire   . . .      SeeInvis +   (no weapon)
rCold   . . .      Faith    .   (no shield)
rNeg    . . .      Spirit   .   a - +0 robe
rPois   +          Reflect  .   (no helmet)
rElec   .          Harm     .   (no cloak)
rCorr   .          Rampage  .   (no gloves)
Will    .....                   (no barding)
Stlth   ++........              (no amulet)
HPRegen 0.12/turn               (no ring)
MPRegen 0.10/turn               (no ring)

@: very slow
A: AC +1, large, see invisible, deformed body, poison resistance, slowness 2,
spit poison 1, naga tail 1
a: Spit Poison


You were on level 3 of the Dungeon.
You visited 1 branch of the dungeon, and saw 4 of its levels.

You collected 130 gold pieces.
You spent 126 gold pieces at shops.

Inventory:

Armour
 a - a +0 robe (worn)
Wands
 j - a wand of polymorph (8)
Scrolls
 c - a scroll of teleportation {unknown}
 d - a scroll of noise {unknown}
 e - 2 scrolls of fear {unknown}
 g - 2 scrolls of identify {unknown}
 h - a scroll of amnesia {unknown}
 l - a scroll of blinking {unknown}
Potions
 b - a potion of berserk rage {unknown}
 f - a potion of magic {unknown}
 i - a potion of lignification {unknown}
 k - a potion of heal wounds {unknown}
 m - 3 potions of curing


   Skills:
 * Level 1.1 Fighting
 * Level 2.1 Dodging
 * Level 4.1 Stealth
 * Level 2.3 Spellcasting
 + Level 1.1 Transmutations
 * Level 4.5 Poison Magic


You had one spell level left.
You knew the following spells:

 Your Spells              Type           Power      Damage    Failure   Level
a - Sting                 Tmut/Pois      40%        1d5       7%          1
b - Poisonous Vapours     Pois/Air       16%        N/A       13%         2
c - Mephitic Cloud        Conj/Pois/Air  6%         N/A       34%         3

Your spell library contained the following spells:

 Spells                   Type           Power      Damage    Failure   Level
 Ignite Poison            Fire/Tmut/Pois 7%         N/A       30%         3
 Olgreb's Toxic Radiance  Pois           15%        N/A       32%         4
 Freezing Cloud           Conj/Ice/Air   0%         6-21      99%         5


Dungeon Overview and Level Annotations

Branches:
Dungeon (4/15)
 Temple: D:4-7

Altars:
Uskayaw
Zin

Shops:
D:3 !


Innate Abilities, Weirdness & Mutations

Your serpentine skin is tough. (AC +1)
You have supernaturally acute eyesight. (SInv)
Armour fits poorly on your strangely shaped body.
Your system is resistant to poisons. (rPois)
You cover ground very slowly.
You can spit poison.
You have a snake-like lower body.


Message History

There is a stone staircase leading down here.
The phantom closely misses you.
Casting: Poisonous Vapours (safe; 13% risk of failure)
Confirm with . or Enter, or press ? or * to list all spells.
You can't see any susceptible monsters within range! (Use Z to cast anyway.)
A phantom is nearby!
Unknown command.
Aiming: Polymorph
Press: ? - help, Shift-Dir - straight line, f - phantom
Aim: a phantom (not susceptible)
The phantom is unaffected.
The phantom closely misses you. The phantom barely misses you.
There is an open door here.
The phantom barely misses you.
You hit the phantom but do no damage. The phantom hits you!
You hit the phantom.
The phantom is lightly damaged.
The phantom hits you.
The phantom blinks!
You blink.
The phantom closely misses you.
The phantom hits you but does no damage.
The phantom hits you.
* * * LOW HITPOINT WARNING * * *
The phantom blinks!
You blink.
The phantom hits you.
* * * LOW HITPOINT WARNING * * *
The phantom blinks!
You blink.
Okay, then.
You feel better.
Okay, then.
There is an open door here.
There's a creature in the doorway!
The phantom hits you.
* * * LOW HITPOINT WARNING * * *
The phantom blinks!
You blink.
You barely miss the phantom. The phantom hits you.
* * * LOW HITPOINT WARNING * * *
There is a stone staircase leading down here.
The phantom barely misses you. The phantom hits you!
You die...

.# #..# ##.## #######)##
.###.## #.# #..# .....# #.#
##.# ##.### ##'## #.# #.#
##...## #.# ##.# ##.....##
### #.# #..# ##.......##
##.###.#
...####.........####...##.#
......'........W@.......#.#
...####.........####...##.#
......##...>...######.###.#
....#.###.....## #...####.#
.##.#.# ##...## #.#......#
..#.#.# ##+## #.W.######
......# #.# ##.## .....##
#.# #.# .....# ##.## #.#


You could see a phantom.

Vanquished Creatures
  An adder (D:3)
  A dart slug (D:1)
  An orc (D:3)
  8 endoplasms
  4 giant cockroaches
  A goblin (D:1)
  4 hobgoblins
  9 kobolds
  A ball python (D:3)
  3 bats (D:1)
  7 frilled lizards
  10 rats
50 creatures vanquished.

Notes
Turn   | Place    | Note
-------+----------+-------------------------------------------
     0 | D:1      | Zeld the Naga Venom Mage began the quest for the Orb.
     0 | D:1      | Reached XP level 1. HP: 15/15 MP: 3/3
   185 | D:1      | Reached XP level 2. HP: 7/24 MP: 0/5
   188 | D:1      | Learned a level 2 spell: Poisonous Vapours
  1199 | D:1      | Reached XP level 3. HP: 28/30 MP: 1/6
  1261 | D:1      | Learned a level 3 spell: Mephitic Cloud
  1427 | D:1      | Reached skill level 1 in Fighting
  1968 | D:2      | Found a faded altar of an unknown god.
  2347 | D:2      | Found a glowing silver altar of Zin.
  3242 | D:3      | Found a hide-covered altar of Uskayaw.
  3939 | D:3      | Reached XP level 4. HP: 15/38 MP: 0/7
  4187 | D:3      | Found Usuadid's Distillery.
  4401 | D:3      | Bought 2 potions of curing for 84 gold pieces
  4401 | D:3      | Bought a potion of curing for 42 gold pieces
  4470 | D:4      | Noticed a phantom
  4520 | D:3      | Slain by a phantom

Illustrated notes

Levels and vault maps discovered:
D:1:      amcnicky_arrival_wind_blow, layout_basic
D:2:      layout_basic, basic_altar, hellmonk_ecumenical_altar_zigzags
D:3:      layout_loops_corners, mainiacjoe_overflow_alcove_2, serial_shops,
          shop_fountains
D:4:      layout_basic, gup_sewer_entry_pipe

Skill      XL: |  1  2  3 |
---------------+----------+-----
Dodging        | 2 |  2.1
Fighting       | 1 |  1.1
Stealth        | 4 |  4.1
Spellcasting   | |  2.3
Transmutations | |  1.1
Poison Magic   | |  4.5

Action                   |  1- 3 |  4- 6 || total
-------------------------+-------+-------++-------
Melee: Unarmed           |    58 |     7 ||    65
       Punch             |     1 |       ||     1
 Cast: Sting             |    42 |     1 ||    43
       Poisonous Vapours |    25 |     7 ||    32
       Mephitic Cloud    |     1 |       ||     1
 Abil: Spit Poison       |     8 |       ||     8
Evoke: Wand              |       |     1 ||     1
  Use: Potion            |       |     1 ||     1
Armor: Robe              |    33 |     3 ||    36
Dodge: Dodged            |    67 |    12 ||    79
